Map: Catalyst LE

Players

ILIEKEGGPIE

  • Race: Protoss Protoss
  • League: Platinum
  • Spawn Location: 11:00

MystEr - Winner!

  • Race: Protoss Protoss
  • League: Gold
  • Spawn Location: 5:00

VOD

Have the link to the VOD?

Description

Time

  • Played on: April 7, 2018, 1 p.m.
  • Length: 3:31
Show
View Real Time Build Order
Export as new Build Order

ILIEKEGGPIE Protoss 

Build Orders:  

Get SALT Encoding   

  12  0:01  Probe  
  13  0:13  Probe  
  14  0:19  Pylon  
  14  0:25  Probe (Chrono Boost)  
  15  0:39  Probe (Chrono Boost)  
  15  0:42  Gateway  
  16  0:44  Probe (Chrono Boost)  
  16  0:48  Assimilator  
  17  0:56  Probe (Chrono Boost)  
  18  1:08  Probe (Chrono Boost)  
  19  1:16  Probe  
  20  1:25  Pylon  
  20  1:29  Cybernetics Core  
  20  1:33  Probe  
  21  1:48  Assimilator  
  21  1:57  Nexus  
  21  2:04  Probe  
  22  2:15  Shield Battery  
  22  2:27  Probe  
  22  2:29  Stalker (Chrono Boost)  
  25  2:40  Gateway  
  25  2:52  Pylon  
  24  3:03  Stalker (Chrono Boost)  
  23  3:24  Pylon  
Show
View Real Time Build Order
Export as new Build Order

MystEr Protoss - Winner!

Build Orders:  

Get SALT Encoding   

  12  0:00  Probe  
  13  0:13  Probe  
  14  0:25  Probe  
  15  0:37  Pylon  
  15  0:47  Assimilator  
  15  0:55  Probe  
  16  1:03  Gateway  
  16  1:04  Gateway  
  16  1:08  Probe  
  17  1:20  Probe  
  18  1:33  Pylon  
  18  1:36  Probe  
  19  1:50  Zealot (Chrono Boost)  
  23  1:58  Zealot (Chrono Boost), Probe, Cybernetics Core  
  24  2:02  Pylon  
  24  2:08  Zealot (Chrono Boost)  
  26  2:17  Probe  
  29  2:25  Zealot (Chrono Boost)  
  29  2:29  Probe  
  30  2:31  Zealot (Chrono Boost)  
  32  2:42  Probe  
  33  2:45  Stalker  
  38  3:27  Gateway  
Tags
 
Matchup
PvP
Replay Pack
Multi
Spawn Locations
Cross Positions
Add a new tag
Caveats
  • Supply blocks, unpowered buildings, or Contaminate may cause inaccurate times.
  • Supply counts are checked every 10 seconds.